 Dungeon Crawl Stone Soup version 0.30-a0-605-gb2882149bf (webtiles) character file.

Game seed: 12985976977927520995

1288 acebull12 the Stinger (level 8, -6/59 HPs)
             Began as a Black Draconian Venom Mage on Jan 8, 2023.
             Was an Initiate of Sif Muna.
             Mangled by Prince Ribbit (11 damage)
             ... on level 5 of the Dungeon.
             The game lasted 00:18:12 (4601 turns).

acebull12 the Stinger (Black Draconian Venom Mage)  Turns: 4601, Time: 00:18:12

Health: -6/59      AC:  8    Str: 10    XL:     8   Next: 30%
Magic:  15/15      EV: 12    Int: 17    God:    Sif Muna [......]
Gold:   371        SH:  0    Dex: 13    Spells: 11/17 levels left

rFire   . . .      SeeInvis .    w - +2 whip (freeze)
rCold   + . .      Faith    .    (no shield)
rNeg    . . .      Spirit   .    (body armour unavailable)
rPois   .          Reflect  .    (helmet restricted)
rElec   +          Harm     .    (no cloak)
rCorr   .          Rampage  .    t - +0 pair of gloves
Will    .....                    g - +0 pair of boots
Stlth   ++                       (no amulet)
HPRegen 0.29/turn                b - ring of protection from cold
MPRegen 0.14/turn                (no ring)

@: no status effects
A: breathe lightning, AC +6, unfitting armour, electricity resistance,
cold-blooded
a: Breathe Lightning, Renounce Religion


You were on level 5 of the Dungeon.
You worshipped Sif Muna.
Sif Muna was noncommittal.
You visited 1 branch of the dungeon, and saw 5 of its levels.
You also visited: Sewer.

You collected 371 gold pieces.

Inventory:

Hand Weapons
 w - a +2 whip of freezing (weapon)
Armour
 g - a +0 pair of boots (worn)
 t - a +0 pair of gloves (worn)
Jewellery
 b - a ring of protection from cold (left hand)
Wands
 v - a wand of acid (9)
Scrolls
 f - a scroll of fog {unknown}
 i - 4 scrolls of identify
 l - a scroll of immolation {unknown}
 m - a scroll of poison {unknown}
 p - a scroll of enchant weapon {unknown}
 r - a scroll of magic mapping
 s - 2 scrolls of brand weapon
Potions
 a - 2 potions of magic
 c - 2 potions of attraction {unknown}
 d - a potion of berserk rage
 e - a potion of curing {unknown}
 h - 4 potions of haste
 j - 2 potions of mutation {unknown}
 k - 2 potions of brilliance {unknown}
 n - a potion of resistance {unknown}
 o - a potion of ambrosia {unknown}
 q - a potion of degeneration {unknown}
 u - a potion of cancellation {unknown}


   Skills:
 + Level 1.2 Fighting
 + Level 2.3 Maces & Flails
 + Level 2.9 Dodging
 + Level 2.0 Stealth
 + Level 0.1 Unarmed Combat
 + Level 5.0 Spellcasting
 * Level 5.5 Transmutations
 * Level 0.1 Air Magic
 * Level 6.0 Poison Magic


You had 11 spell levels left.
You knew the following spells:

 Your Spells              Type           Power      Damage    Failure   Level
a - Sting                 Tmut/Pois      92%        1d7       1%          1
b - Poisonous Vapours     Pois/Air       28%        N/A       6%          2
c - Mephitic Cloud        Conj/Pois/Air  11%        N/A       19%         3

Your spell library contained the following spells:

 Spells                   Type           Power      Damage    Failure   Level
 Cigotuvi's Dreadful Rot  Necr/Pois/Air  22%        N/A       10%         2
 Olgreb's Toxic Radiance  Pois           24%        N/A       12%         4
 Foxfire                  Conj/Fire      16%        2x1d4     14%         1
 Vhi's Electric Charge    Tloc/Air       8%         N/A       38%         3
 Dispel Undead            Necr           4%         3d7       80%         4
 Arcjolt                  Conj/Air       2%         1d12      98%         5
 Fireball                 Conj/Fire      2%         3d4       98%         5
 Conjure Ball Lightning   Conj/Air       2%         3x3d6     100%        6
 Death Channel            Necr           2%         N/A       100%        6
 Starburst                Conj/Fire      2%         6d3       100%        6
 Discord                  Hex            2%         N/A       100%        8
 Disjunction              Tloc           2%         N/A       100%        8
 Maxwell's Capacitive Co  Air            2%         ∞         100%        8


Dungeon Overview and Level Annotations

Branches:
Dungeon (5/15)             Temple (0/1) D:4           Sewer (visited)

Altars:
Qazlal
Sif Muna

Annotations:
D:2 Sigmund
D:5 Prince Ribbit


Innate Abilities, Weirdness & Mutations

You can breathe wild blasts of lightning.
Your glossy black scales are hard. (AC +6)
You cannot fit into any form of body armour.
You are resistant to electric shocks. (rElec)
You are cold-blooded and may be slowed by cold attacks.


Message History

The floor.
Prince Ribbit closely misses you.
You see here 2 sedimented clear potions.
Prince Ribbit croaks regally.
Prince Ribbit winks and puckers his lips.
Prince Ribbit hits you.
The orc priest invokes the aid of Beogh against you.
Beogh smites you!
* * * LOW HITPOINT WARNING * * *
Prince Ribbit looks more healthy.
Prince Ribbit barely misses you.
You barely miss Prince Ribbit.
Prince Ribbit is lightly wounded.
Prince Ribbit hits you but does no damage.
You closely miss Prince Ribbit.
Prince Ribbit is lightly wounded.
Prince Ribbit blinks!
Prince Ribbit blinks!
Prince Ribbit croaks regally.
Prince Ribbit blinks!
You miss Prince Ribbit.
Prince Ribbit is lightly wounded.
Prince Ribbit hits you.
* * * LOW HITPOINT WARNING * * *
Prince Ribbit blinks!
Prince Ribbit blinks!
Prince Ribbit blinks!
You see here an iguana corpse.
Prince Ribbit lets out a mournful croak.
You barely miss Prince Ribbit.
Your tail-slap misses Prince Ribbit.
Prince Ribbit is lightly wounded.
Prince Ribbit hits you!
* * * LOW HITPOINT WARNING * * *
You hit Prince Ribbit. You freeze Prince Ribbit. You tail-slap Prince Ribbit.
Prince Ribbit is lightly wounded.
Prince Ribbit closely misses you.
Prince Ribbit hits you but does no damage.
Prince Ribbit barely misses you. Prince Ribbit attacks as you move away!
Prince Ribbit hits you!
You die...

##.# #.####### #..o....#
##......# #......#
########### #......#
#.........##### #......##
#...###.......###
#.......#####.#
#....##...#
#.........†.@.#
#....####.###
######.....F..#*#(...#*
#.... #..........##....[#
####.
#..........##.r...#****#.
#..........##....=.,,,*##
#..........##)...###*,,,,
#..........#*,,,,*****,,,
##.........#*,*****,,,*,#
**,,,,,,,,,**,* *,,,,,,


You could see Prince Ribbit.

Vanquished Creatures
  Pikel (D:4)
  Grinder (D:4)
  2 water moccasins
  An ogre (D:4)
  A lemure (D:4)
  A phantom (D:4)
  A jelly (D:4)
  Ijyb (D:2)
  Natasha (D:4)
  2 iguanas
  8 adders
  An ufetubus (D:5)
  2 worms
  A dart slug (D:3)
  An orc (D:5)
  5 ball pythons
  8 bats
  5 endoplasms
  2 giant cockroaches
  5 goblins
  9 hobgoblins
  12 jackals
  3 kobolds
  6 quokkas
  4 frilled lizards
  7 rats
91 creatures vanquished.

Notes
Turn   | Place    | Note
-------+----------+-------------------------------------------
     0 | D:1      | acebull12 the Draconian Venom Mage began the quest for the
                  | Orb.
     0 | D:1      | Reached XP level 1. HP: 14/14 MP: 3/3
   221 | D:1      | Reached XP level 2. HP: 20/20 MP: 0/5
   952 | D:2      | Reached XP level 3. HP: 26/26 MP: 4/6
  1515 | D:2      | Noticed Sigmund
  1645 | D:3      | Reached skill level 4 in Poison Magic
  1690 | D:3      | Noticed Ijyb
  1694 | D:3      | Reached XP level 4. HP: 33/33 MP: 4/7
  1727 | D:2      | Killed Ijyb
  1728 | D:2      | Reached skill level 1 in Maces & Flails
  2447 | D:3      | Reached XP level 5. HP: 38/38 MP: 6/9
  2735 | D:4      | Noticed a phantom
  2825 | D:4      | Noticed a water moccasin
  2877 | D:4      | Killed a water moccasin
  2925 | D:4      | Found a shimmering blue altar of Sif Muna.
  2954 | D:4      | Became a worshipper of Sif Muna the Loreminder
  2999 | D:4      | Noticed Grinder
  3001 | D:4      | Paralysed by Grinder for 5 turns
  3017 | D:4      | Killed Grinder
  3018 | D:4      | Reached XP level 6. HP: 46/46 MP: 3/11
  3112 | D:4      | Found a staircase to the Ecumenical Temple.
  3267 | D:4      | Noticed Natasha
  3273 | D:4      | Killed Natasha
  3616 | D:4      | Reached skill level 5 in Poison Magic
  3616 | D:4      | Your scales start taking on a glossy black colour.
  3616 | D:4      | Reached XP level 7. HP: 35/51 MP: 7/13
  3616 | D:4      | Gained mutation: You are resistant to electric shocks.
                  | (rElec) [Black Draconian growth]
  3779 | D:4      | Noticed Pikel
  3815 | D:4      | Killed Pikel
  3816 | D:4      | Reached skill level 5 in Spellcasting
  3989 | D:4      | Found a stormy altar of Qazlal.
  4052 | D:4      | Reached XP level 8. HP: 53/58 MP: 15/15
  4084 | D:4      | Identified the +0 pair of gloves of the Okapi {rF+ Dex+3}
  4153 | D:4      | Reached skill level 6 in Poison Magic
  4164 | D:4      | Reached skill level 5 in Transmutations
  4280 | D:4      | Learned a level 2 spell: Poisonous Vapours
  4318 | D:5      | Entered Level 5 of the Dungeon
  4375 | D:5      | Reached skill level 1 in Fighting
  4389 | D:5      | Found a glowing drain.
  4390 | D:5      | Noticed Prince Ribbit
  4408 | Sewer    | Entered a sewer
  4547 | Sewer    | Learned a level 3 spell: Mephitic Cloud
  4601 | D:5      | Mangled by Prince Ribbit

Illustrated notes

Levels and vault maps discovered:
D:1:      ncdulo_halloftheorcs, layout_basic
D:2:      layout_rooms, nicolae_elevator_lobby_plus, uniq_sigmund
D:3:      layout_loops_cross, minmay_between, uniq_ijyb
D:4:      layout_loops_corners, nicolae_sif_muna_condensation,
          mainiacjoe_overflow_tiny_flanked, minmay_temple_entry_hall,
          uniq_natasha, uniq_pikel, uniq_grinder
D:5:      layout_rooms, cheibrodos_sewer_entry_bend, uniq_menkaure,
          uniq_prince_ribbit1

Skill      XL: |  1  2  3  4  5  6  7  8 |
---------------+-------------------------+-----
Dodging        | 2 |  2.9
Poison Magic   | 4 5 6 |  6.0
Maces & Flails | 1 2 |  2.3
Transmutations | 2 3 4 5 |  5.5
Spellcasting   | 3 4 5 |  5.0
Stealth        | 2 |  2.0
Fighting       | 1 |  1.2
Unarmed Combat | |  0.1
Air Magic      | |  0.1

Action                   |  1- 3 |  4- 6 |  7- 9 || total
-------------------------+-------+-------+-------++-------
Melee: Unarmed           |     6 |       |       ||     6
       Whip              |    81 |    71 |    49 ||   201
       Tailslap          |     7 |     7 |     6 ||    20
       Punch             |       |     1 |     2 ||     3
 Cast: Sting             |    55 |    75 |    29 ||   159
       Poisonous Vapours |       |       |     4 ||     4
 Abil: Breathe Lightning |       |       |     2 ||     2
  Use: Scroll            |       |       |     3 ||     3
 Stab: Sleeping          |     3 |       |       ||     3
Armor: Skin              |    61 |    35 |    23 ||   119
Dodge: Dodged            |    81 |    68 |    33 ||   182

Table legend: (Time is in decaauts)
 A = Elapsed time spent in this place.
 B = Non-inter-level travel time spent in this place.
 C = Inter-level travel time spent in this place.
 D = Time resting spent in this place.
 E = Time spent auto-exploring this place.
 F = Levels seen in this place.
 G = Mean time per level.
                   A        B        C        D        E       F      G
               +--------+--------+--------+--------+--------+-----+--------+
         Total |   4614 |   4373 |    241 |    173 |   3223 |   6 |  769.0 |
       Dungeon |   4456 |   4215 |    241 |    160 |   3135 |   5 |  891.2 |
         Sewer |    157 |    157 |      0 |     13 |     88 |   1 |  157.0 |
               +--------+--------+--------+--------+--------+-----+--------+

Top non-repeatable levels by time:
     D:4: 1546 daAuts
     D:3: 1025 daAuts
     D:1: 974 daAuts
     D:2: 781 daAuts
   Sewer: 157 daAuts
     D:5: 129 daAuts
